 Dungeon Crawl Stone Soup version 0.23-a0-171-g5ae17c6 (webtiles) character file.

3256 digijack the Carver (level 9, 0/72 HPs)
             Began as a White Draconian Monk on Sept 13, 2018.
             Was a Believer of Wu Jian.
             Slain by Harold
             ... wielding a +1 scimitar of freezing
              (3 damage)
             ... on level 8 of the Dungeon.
             The game lasted 00:43:41 (8713 turns).

digijack the Carver (White Draconian Monk)          Turns: 8713, Time: 00:43:41

Health: 0/72       AC: 11    Str: 13    XL:     9   Next: 67%
Magic:  9/9        EV: 14    Int: 10    God:    Wu Jian [**....]
Gold:   317        SH:  0    Dex: 18    Spells: 8/8 levels left

rFire    . . .     SeeInvis .   a - +4 falchion
rCold    + . .     Gourm    .   (no shield)
rNeg     . . .     Faith    +   (armour unavailable)
rPois    .         Spirit   .   p - +0 hat
rElec    .         Reflect  .   s - +0 cloak
rCorr    .         Harm     .   (no gloves)
MR       .....                  i - +2 pair of boots
Stlth    ++........             v - amulet of faith
HPRegen  0.22/turn              m - ring of flight
MPRegen  0.11/turn              (no ring)

@: short of breath, marked
A: breathe frost, unfitting armour, cold resistance 1, cold-blooded, AC +7
a: Breathe Frost, Wall Jump, Renounce Religion, Evoke Flight


You were on level 8 of the Dungeon.
You worshipped Wu Jian.
Wu Jian was pleased with you.
You were not hungry.

You visited 2 branches of the dungeon, and saw 9 of its levels.
You also visited: Sewer.

You collected 317 gold pieces.

Inventory:

Hand Weapons
 a - a +4 falchion (weapon)
Missiles
 c - 242 stones
 d - 15 tomahawks
 u - 4 tomahawks of returning
 A - 13 tomahawks of dispersal (quivered)
Armour
 i - a +2 pair of boots (worn)
 p - a +0 hat (worn)
 s - a +0 cloak (worn)
Jewellery
 m - a ring of flight (left hand)
 o - an uncursed ring of fire
 v - an amulet of faith (around neck)
 x - an uncursed ring of ice
 z - an uncursed ring of ice
Wands
 w - a wand of paralysis (14)
 B - a wand of flame (20)
Scrolls
 j - a scroll of fog
 k - 2 scrolls of teleportation
 q - 2 scrolls of magic mapping
 t - 5 scrolls of remove curse
 D - a scroll of blinking
Potions
 e - a potion of flight
 f - 6 potions of curing
 g - 2 potions of agility
 h - 2 potions of brilliance
 l - 2 potions of heal wounds
 n - a potion of invisibility
 r - a potion of might
Comestibles
 b - 9 rations
 C - 2 chunks of flesh


   Skills:
 - Level 4.6 Fighting
 * Level 12.3 Long Blades
 - Level 3.8 Dodging
 - Level 1.7 Stealth
   Level 4.0 Shields


You had 8 spell levels left.
You didn't know any spells.
Your spell library contained the following spells:

 Spells                   Type           Power        Failure   Level  Hunger
 Summon Small Mammal      Summ           #...         36%         1    ##.....
 Call Imp                 Summ           #.......     50%         2    ###....
 Call Canine Familiar     Summ           #.......     75%         3    ####...
 Summon Guardian Golem    Hex/Summ       #.......     75%         3    ####...
 Summon Ice Beast         Ice/Summ       #.......     98%         4    #####..
 Summon Lightning Spire   Summ/Air       #.......     98%         4    #####..


Dungeon Overview and Level Annotations

Branches:
Dungeon (8/15)             Temple (1/1) D:7
   Lair: D:8-11

Altars:
Cheibriados
Gozag
Kikubaaqudgha
Nemelex Xobeh
Okawaru
Trog
Vehumet
Wu Jian
The Shining One

Shops:
D:8 }

Annotations:
D:8 Harold


Innate Abilities, Weirdness & Mutations

You can breathe waves of freezing cold.
You can buffet flying creatures when you breathe cold.
Your icy white scales are hard. (AC +7)
You cannot fit into any form of body armour.
Your flesh is cold resistant. (rC+)
You are cold-blooded and may be slowed by cold attacks.


Message History

Harold gestures at you while chanting. The harpoon shot hits you!
* * * LOW HITPOINT WARNING * * *
You are yanked forward by the harpoon shot.
Harold closely misses you. Harold gestures at you while chanting.
A sentinel's mark forms upon you. Harold gestures at you while chanting.
The mark upon you grows brighter.
Harold says, "Listen, it's nothing personal.
It's just a job."
You repeatedly attack Harold from above.
You slash Harold!
Harold is moderately wounded.
You hit Harold. You tail-slap Harold, but do no damage.
Harold is moderately wounded.
Harold misses you.
Harold hits you with a scimitar of freezing!!
* * * LOW HITPOINT WARNING * * *
Harold freezes you.
You die...

### #.. # #.# ##.
#.# ... #.###.#
###########$....#
..........§§§.#
#.>. #..@@§.#
##...###.####.#
.......#.####.#####
.......#.##.......
........(##.#.#.##
.∩...##.)........#
##. #.#...#.#..#
#.#........#
#.#...###..#


You could see Harold.

Vanquished Creatures
  Prince Ribbit (D:7)
  2 hippogriffs
  An orc warrior (D:6)
  The ghost of grindst0ne the Archer, an amateur CeHu (D:3)
  3 ogres
  A centaur (D:5)
  5 big kobolds
  3 bullfrogs
  A wyvern zombie (D:7)
  2 scorpions (D:4)
  6 killer bees (D:7)
  A crimson imp (D:6)
  A bullfrog zombie (D:5)
  A quasit (D:6)
  Crazy Yiuf (D:6)
  A centaur skeleton (D:6)
  3 orc priests
  3 hounds
  5 orc wizards
  2 bullfrog skeletons
  Jessica (D:3)
  7 worker ants
  2 hound zombies
  A hound skeleton (D:4)
  14 adders
  6 gnolls
  6 river rats (Sewer)
  A hound simulacrum (D:3)
  A howler monkey simulacrum (D:3)
  An ooze (D:3)
  2 adder skeletons
  An adder zombie (D:6)
  6 worms
  2 adder simulacra
  10 leopard geckos
  16 orcs
  8 ball pythons
  6 giant cockroaches
  9 hobgoblins
  8 jackals
  47 kobolds
  5 quokkas
  4 bats
  A frilled lizard (D:3)
  10 goblins
  A jackal simulacrum (D:3)
  A jackal skeleton (D:4)
  2 quokka simulacra (D:3)
  23 rats
  2 plants (D:5)
248 creatures vanquished.

Notes
Turn   | Place    | Note
-------+----------+-------------------------------------------
     0 | D:1      | digijack the Draconian Monk began the quest for the Orb.
     0 | D:1      | Reached XP level 1. HP: 19/19 MP: 1/1
   292 | D:1      | Reached XP level 2. HP: 17/26 MP: 2/2
  1176 | D:2      | Reached XP level 3. HP: 31/31 MP: 3/3
  1422 | D:2      | Reached skill level 4 in Long Blades
  1429 | D:2      | Reached XP level 4. HP: 16/40 MP: 4/4
  1914 | D:3      | Found a glowing drain.
  1960 | Sewer    | Entered a sewer
  2045 | Sewer    | Reached XP level 5. HP: 46/46 MP: 5/5
  2136 | Sewer    | Reached skill level 5 in Long Blades
  2190 | Sewer    | Reached XP level 6. HP: 45/53 MP: 6/6
  2859 | D:3      | Found a bloodstained altar of Trog.
  2983 | D:3      | Found a runed gate.
  2983 | D:3      | Found a runed gate.
  2983 | D:3      | Found a runed gate.
  2992 | D:3      | Noticed Jessica
  2996 | D:3      | Killed Jessica
  3068 | D:3      | Noticed grindst0ne's ghost (amateur CeHu)
  3123 | D:3      | Killed grindst0ne's ghost
  3123 | D:3      | Your scales start taking on an icy white colour.
  3123 | D:3      | Reached XP level 7. HP: 46/60 MP: 7/7
  3123 | D:3      | Gained mutation: Your flesh is cold resistant. (rC+) [White
                  | Draconian growth]
  3849 | D:4      | Reached skill level 6 in Long Blades
  4140 | D:4      | Reached skill level 7 in Long Blades
  4200 | D:4      | Found a snail-covered altar of Cheibriados.
  4201 | D:4      | Found an opulent altar of Gozag.
  4433 | D:5      | Entered Level 5 of the Dungeon
  4596 | D:5      | Found an ancient bone altar of Kikubaaqudgha.
  4714 | D:5      | Reached XP level 8. HP: 61/67 MP: 6/8
  5137 | D:5      | Reached skill level 8 in Long Blades
  5646 | D:6      | Found a sparkling altar of Nemelex Xobeh.
  5984 | D:6      | Reached skill level 9 in Long Blades
  6661 | D:6      | Found a radiant altar of Vehumet.
  6706 | D:6      | Reached skill level 10 in Long Blades
  6944 | D:6      | Found a runed door.
  6948 | D:6      | Noticed Crazy Yiuf
  6949 | D:6      | Found the +6 shillelagh "Devastator" {shatter}
  6959 | D:6      | Killed Crazy Yiuf
  7157 | D:7      | Noticed Prince Ribbit
  7178 | D:7      | Noticed a hippogriff
  7187 | D:7      | Killed Prince Ribbit
  7187 | D:7      | Reached XP level 9. HP: 68/72 MP: 9/9
  7203 | D:7      | Reached skill level 11 in Long Blades
  7816 | D:7      | Found an opulent altar of Gozag.
  8251 | D:7      | Found a staircase to the Ecumenical Temple.
  8265 | Temple   | Entered the Ecumenical Temple
  8300 | Temple   | Became a worshipper of the Wu Jian Council
  8300 | Temple   | Reached * piety under Wu Jian
  8300 | Temple   | Reached ** piety under Wu Jian
  8418 | D:7      | Found a glowing golden altar of the Shining One.
  8492 | D:8      | Reached skill level 12 in Long Blades
  8690 | D:8      | Noticed Harold
  8693 | D:8      | Found Qoetoh's Gadget Shop.
  8713 | D:8      | HP: 3/72 [Harold/scimitar of freezing (18)]
  8713 | D:8      | Slain by Harold

Vault maps used:
D:1:      dpeg_arrival_rooms_with_view, minivault_23, minmay_quantized
D:2:      kennysheep_generic_room_7
D:3:      bloody_trog, portal_sewer_entry_f, gammafunk_ghost_icy,
          serial_bayou_lake_a, uniq_jessica
D:4:      gammafunk_temple_overflow_pools, first_ration
D:5:      kennysheep_kobold_camp, overflow_temple_1_default, ldierk_geyser
D:6:      nemelex_xobeh_ov_fountains_minmay, lemuel_round_altar,
          minmay_unpleasant_kobolds, uniq_crazy_yiuf_cottage
D:7:      nicolae_overflow_hidden_temple, temple_hall, basic_altar,
          uniq_prince_ribbit1
D:8:      serial_shops, shop, uniq_harold
Temple:   grunt_temple_mini_profane
Sewer:    sewer_minmay_treatment

Skill      XL: |  1  2  3  4  5  6  7  8  9 |
---------------+----------------------------+-----
Dodging        | 3 |  3.8
Long Blades    | 4 5 7 10 12 | 12.3
Fighting       | 4 |  4.6
Shields        | 4 |  4.0
Stealth        | |  1.7

Action                   |  1- 3 |  4- 6 |  7- 9 || total
-------------------------+-------+-------+-------++-------
Melee: Falchion          |    91 |   202 |   566 ||   859
       Tailslap          |     7 |    23 |    90 ||   120
Invok: Lunge             |       |       |     5 ||     5
       Whirlwind         |       |       |     4 ||     4
       Wall Jump         |       |       |     2 ||     2
 Abil: Breathe Frost     |       |       |     7 ||     7
Evoke: Wand              |       |       |     3 ||     3
  Use: Scroll            |     9 |     2 |    12 ||    23
       Potion            |     4 |     3 |     5 ||    12
 Stab: Sleeping          |     3 |     4 |     8 ||    15
       Distracted        |       |       |     2 ||     2
  Eat: Chunk             |     2 |     5 |    21 ||    28
Armor: Skin              |    24 |    71 |   150 ||   245
Dodge: Dodged            |    55 |   166 |   398 ||   619
Block: Buckler           |       |    15 |    38 ||    53
       Rpst.: Falchion   |    21 |    48 |   126 ||   195

Table legend:
 A = Non-vault XP
 B = Vault XP
 C = Vault XP percentage of total XP
 D = Non-vault monster count
 E = Vault monster count
 F = Vault count percentage of total count
                 A         B        C        D         E       F
            +---------+---------+-------+---------+---------+-------
      Total |    3457 |    1195 |  25.7 |     146 |     100 |  40.7
            +---------+---------+-------+---------+---------+-------
        D:1 |      20 |      12 |  37.5 |      12 |       7 |  36.8
        D:2 |     101 |       7 |   6.5 |      24 |       2 |   7.7
        D:3 |     190 |     199 |  51.2 |      26 |      14 |  35.0
        D:4 |     403 |       0 |   0.0 |      21 |       0 |   0.0
        D:5 |     363 |     125 |  25.6 |      18 |      20 |  52.6
        D:6 |     717 |     241 |  25.2 |      22 |       8 |  26.7
        D:7 |    1148 |     268 |  18.9 |      19 |       1 |   5.0
        D:8 |     515 |       0 |   0.0 |       4 |       0 |   0.0
      Sewer |       0 |     343 | 100.0 |       0 |      48 | 100.0
            +---------+---------+-------+---------+---------+-------
